AoeStats
← ME_DEPRIME_JUGAR_CON_USTEDES

Lombardia

507634981Analyzed
4v4 RM · 12d ago on Sep 19, 2026· 54m 51s· 8 players
Game mode
Random Map
Map size
Large (8 player)
Population
200
Speed
Normal
Resources
Standard
Victory
Conquest
Starting age
Dark Age
Ending age
Imperial Age
RankedLock teamsTeams togetherTeam positionsShared explorationLock speedFull tech treeHidden civsTurbo modeCheats
Victory
Defeat
🇦🇷 Mongols · Argentina
1506
+12
🇨🇴 Mapuche · Colombia
1503
+12
🇦🇷 Dravidians · Argentina
1484
+13
🇦🇷 Persians · Argentina
1442
+15
1522
-17
🇦🇷 Vietnamese · Argentina
1427
-13
🇦🇷 Byzantines · Argentina
1373
-11
🇦🇷 Lithuanians · Argentina
1357
-11
Azulazar
9:04 Loom
11:26 Feudal Age
15:41 Castle Age
15:03 Horse Collar
24:28 Squires
25:45 Horse Collar
25:51 Double-Bit Axe
27:02 Town Watch
29:01 Wheelbarrow
29:41 Bow Saw
29:32 Heavy Plow
31:40 Hand Cart
35:12 Gold Mining
35:12 Stone Mining
38:56 Imperial Age
36:18 Fletching
37:14 Bodkin Arrow
37:21 Padded Archer Armor
37:42 Ballistics
37:30 Thumb Ring
38:04 Husbandry
38:20 Leather Archer Armor
39:46 Bracer
40:17 Ring Archer Armor
40:48 Chemistry
40:32 Conscription
40:39 Wootz Steel
40:30 Medical Corps
40:41 Elite Elephant Archer
42:53 Two-Man Saw
43:27 Scale Mail Armor
43:38 Forging
43:24 Pikeman
43:51 Arson
44:55 Fortified Wall
44:12 Halberdier
47:18 Chain Mail Armor
47:38 Iron Casting
49:05 Plate Mail Armor
49:36 Blast Furnace
51:59 Hoardings
51:48 Masonry
54:04 Siege Elephant
[TodEs] JohnWCooke
8:23 Feudal Age
8:43 Loom
9:46 Double-Bit Axe
10:05 Horse Collar
19:22 Wheelbarrow
21:56 Castle Age
23:02 Bow Saw
22:54 Heavy Plow
28:38 Gold Mining
33:06 Imperial Age
31:10 Fletching
33:08 Ballistics
34:02 Bodkin Arrow
35:15 Chemistry
35:04 Gold Shaft Mining
35:38 Bracer
35:58 Hand Cart
35:41 Stone Mining
37:00 Conscription
37:01 Padded Archer Armor
37:13 Bloodlines
37:03 Husbandry
38:05 Leather Archer Armor
38:45 Scale Barding Armor
38:04 Light Cavalry
39:14 Elite Mangudai
40:22 Chain Barding Armor
40:23 Hussar
41:55 Caravan
43:22 Drill
43:48 Forging
43:40 Capped Ram
44:36 Siege Engineers
45:28 Iron Casting
45:06 Siege Ram
46:33 Stone Shaft Mining
50:59 Blast Furnace
51:11 Nomads
53:46 Thumb Ring
54:06 Parthian Tactics
Rabanito
6:20 Loom
11:23 Feudal Age
15:08 Castle Age
13:34 Double-Bit Axe
13:30 Horse Collar
14:37 Fletching
16:09 Bodkin Arrow
21:32 Padded Archer Armor
24:26 Ballistics
28:25 Wheelbarrow
33:13 Imperial Age
31:46 Hand Cart
31:20 Town Watch
33:29 Bow Saw
33:20 Heavy Plow
33:11 Gold Mining
34:25 Leather Archer Armor
35:12 Chemistry
34:06 Elite Bolas Rider
36:10 Crop Rotation
36:15 Gold Shaft Mining
35:31 Stone Mining
36:40 Ring Archer Armor
36:59 Caravan
37:15 Town Patrol
37:58 Stone Mining
37:29 Elite Skirmisher
39:09 Malon
39:29 Conscription
39:22 Butalmapu
41:08 Stone Shaft Mining
41:23 Conscription
42:58 Hoardings
44:50 Scale Mail Armor
46:10 Coinage
51:16 Banking
52:12 Chain Mail Armor
52:22 Elite Kona
53:47 Forging
Tonguera
6:42 Loom
9:07 Feudal Age
9:48 Double-Bit Axe
12:31 Forging
13:54 Horse Collar
23:31 Castle Age
24:27 Bow Saw
24:19 Heavy Plow
26:00 Wheelbarrow
28:32 Town Watch
30:07 Stone Mining
32:13 Gold Mining
36:54 Imperial Age
35:11 Bloodlines
35:02 Husbandry
35:34 Hand Cart
36:54 Scale Barding Armor
37:24 Iron Casting
38:23 Two-Man Saw
36:56 Cavalier
38:51 Gold Shaft Mining
38:39 Chain Barding Armor
39:09 Crop Rotation
40:01 Conscription
39:13 Savar
41:39 Blast Furnace
42:52 Plate Barding Armor
43:04 Fletching
46:04 Bodkin Arrow
46:42 Light Cavalry
47:17 Hussar
50:18 Caravan
JLoops
6:41 Loom
9:48 Feudal Age
10:16 Double-Bit Axe
10:12 Horse Collar
20:24 Castle Age
20:31 Gold Mining
21:56 Bow Saw
21:47 Heavy Plow
22:26 Wheelbarrow
23:42 Fletching
25:05 Hand Cart
25:18 Bodkin Arrow
26:33 Husbandry
27:58 Town Watch
32:37 Imperial Age
30:18 Padded Archer Armor
30:30 Stone Mining
31:34 Thumb Ring
32:11 Stone Shaft Mining
31:53 Leather Archer Armor
33:41 Bracer
34:42 Chemistry
34:36 Ballistics
33:59 Elite Rattan Archer
35:52 Ring Archer Armor
36:38 Hoardings
38:17 Two-Man Saw
38:42 Crop Rotation
38:40 Caravan
39:18 Paper Money
41:41 Siege Engineers
44:50 Murder Holes
350 pero pregriloso
9:45 Loom
12:46 Feudal Age
21:59 Castle Age
20:08 Horse Collar
20:16 Double-Bit Axe
26:50 Fletching
27:05 Town Watch
27:44 Bow Saw
32:35 Gold Mining
34:13 Elite Skirmisher
35:16 Heavy Plow
36:57 Padded Archer Armor
40:02 Masonry
40:43 Ballistics
43:15 Stone Mining
44:20 Leather Archer Armor
44:01 Bodkin Arrow
45:42 Thumb Ring
46:37 Wheelbarrow
48:45 Imperial Age
46:31 Caravan
49:53 Conscription
50:06 Conscription
49:41 Light Cavalry
50:32 Bloodlines
50:22 Husbandry
49:44 Cavalier
50:35 Tower Shields
53:44 Imperial Skirmisher
ME_DEPRIME_JUGAR_CON_USTEDES
5:56 Loom
9:13 Feudal Age
11:19 Forging
10:57 Domestication
11:06 Double-Bit Axe
17:54 Wheelbarrow
23:59 Castle Age
22:22 Gold Mining
22:39 Fletching
23:06 Scale Barding Armor
25:30 Bow Saw
25:21 Pastoralism
27:15 Chain Barding Armor
26:18 Light Cavalry
31:35 Padded Archer Armor
31:30 Bodkin Arrow
32:20 Heavy Cavalry Archer
34:45 Husbandry
37:20 Imperial Age
37:36 Leather Archer Armor
38:24 Hand Cart
39:10 Chemistry
38:15 Bracer
39:32 Ring Archer Armor
41:32 Plate Barding Armor
42:46 Pikeman
43:16 Elite Fire Lancer
45:00 Scale Mail Armor
46:07 Iron Casting
45:39 Squires
46:16 Lamellar Armor
46:33 Conscription
47:09 Arson
47:40 Chain Mail Armor
48:43 Two-Man Saw
49:36 Ballistics
50:41 Plate Mail Armor
Nikems
8:24 Loom
10:30 Feudal Age
13:37 Double-Bit Axe
14:05 Horse Collar
16:15 Wheelbarrow
19:42 Castle Age
19:27 Stone Mining
19:29 Gold Mining
20:42 Elite Skirmisher
23:02 Fletching
25:05 Heavy Plow
26:21 Bodkin Arrow
27:35 Bow Saw
28:42 Padded Archer Armor
30:50 Treadmill Crane
32:41 Hand Cart
33:07 Stone Shaft Mining
33:08 Gold Shaft Mining
36:32 Imperial Age
35:35 Thumb Ring
35:50 Leather Archer Armor
35:36 Scale Mail Armor
35:46 Forging
35:44 Squires
35:05 Pikeman
37:40 Ballistics
37:26 Bracer
36:48 Imperial Skirmisher
38:06 Conscription
37:47 Halberdier
39:04 Ring Archer Armor
39:02 Caravan
38:52 Capped Ram
40:14 Guilds
39:54 Siege Ram
40:07 Elite Cataphract
42:08 Iron Casting
41:38 Scale Barding Armor
43:16 Husbandry
42:37 Heavy Camel Rider
44:39 Chain Barding Armor
46:09 Plate Barding Armor
46:08 Logistica
46:37 Hoardings
46:18 Fortified Wall
47:53 Chain Mail Armor
48:43 Chemistry
47:35 Guard Tower
51:22 Two-Man Saw
Connection lost

Rejoining the realm…

Still unreachable

The connection could not be restored.

Session expired

The server has moved on; the page needs a fresh start.